 Dungeon Crawl Stone Soup version 0.23.2-1-ga50397a6bc (webtiles) character file.

Game seed: 3136187355565314389

131 Mrkan the Magician (level 5, 0/37 HPs)
             Began as a Gnoll Wizard on May 17, 2019.
             Slain by an orc wizard
             ... wielding a +0 dagger
              (3 damage)
             ... on level 3 of the Dungeon.
             The game lasted 00:07:34 (2331 turns).

Mrkan the Magician (Gnoll Wizard)                   Turns: 2331, Time: 00:07:35

Health: 0/37       AC:  2    Str:  9    XL:     5   Next: 14%
Magic:  5/14       EV: 14    Int: 21    God:
Gold:   189        SH:  0    Dex: 14    Spells: 12/18 levels left

rFire    . . .     SeeInvis .     - Unarmed
rCold    . . .     Gourm    .   (no shield)
rNeg     . . .     Faith    .   a - +0 robe
rPois    .         Spirit   .   b - +0 hat
rElec    .         Reflect  .   (no cloak)
rCorr    .         Harm     .   (no gloves)
MR       .....                  (no boots)
Stlth    +++.......             (no amulet)
HPRegen  0.12/turn              (no ring)
MPRegen  0.14/turn              (no ring)

@: no status effects
A: distributed training, fangs 1, strong nose
a: no special abilities


You were on level 3 of the Dungeon.
You were not hungry.

You visited 1 branch of the dungeon, and saw 3 of its levels.

You collected 189 gold pieces.

Inventory:

Hand Weapons
 m - a +0 blowgun
Missiles
 n - 6 poisoned needles
Armour
 a - a +0 robe (worn)
 b - a +0 hat (worn)
 c - a +0 pair of gloves
 h - a +0 cloak
Scrolls
 f - 2 scrolls of identify {unknown}
 g - a scroll of amnesia {unknown}
 i - 2 scrolls of remove curse {unknown}
 j - a scroll of noise {unknown}
 k - 2 scrolls of teleportation {unknown}
 o - a scroll of enchant armour {unknown}
Potions
 e - a potion of brilliance {unknown}
 l - a potion of curing {unknown}
Comestibles
 d - 2 rations


   Skills:
 + Level 1.3 Fighting
 + Level 1.3 Short Blades
 + Level 1.3 Long Blades
 + Level 1.3 Axes
 + Level 1.3 Maces & Flails
 + Level 1.3 Polearms
 + Level 1.3 Staves
 + Level 1.3 Slings
 + Level 1.3 Bows
 + Level 1.3 Crossbows
 + Level 1.3 Throwing
 + Level 1.3 Armour
 + Level 4.7 Dodging
 + Level 4.3 Stealth
 + Level 1.3 Shields
 + Level 1.3 Unarmed Combat
 + Level 7.2 Spellcasting
 + Level 2.3 Conjurations
 + Level 1.1 Hexes
 + Level 1.1 Charms
 + Level 2.3 Summonings
 + Level 1.1 Necromancy
 + Level 2.3 Translocations
 + Level 1.1 Transmutations
 + Level 1.1 Fire Magic
 + Level 1.1 Ice Magic
 + Level 1.1 Air Magic
 + Level 1.1 Earth Magic
 + Level 1.1 Poison Magic
 + Level 1.5 Invocations
 + Level 1.3 Evocations


You had 12 spell levels left.
You knew the following spells:

 Your Spells              Type           Power        Failure   Level  Hunger
a - Magic Dart            Conj           ###.         3%          1    None
b - Call Imp              Summ           ###.....     4%          2    None
c - Conjure Flame         Conj/Fire      ##......     13%         3    None

Your spell library contained the following spells:

 Spells                   Type           Power        Failure   Level  Hunger
 Blink                    Tloc           N/A          4%          2    None
 Slow                     Hex            ##......     9%          2    None
 Mephitic Cloud           Conj/Pois/Air  ##......     14%         3    None


Dungeon Overview and Level Annotations

Branches:
Dungeon (3/15)

Altars:


Innate Abilities, Weirdness & Mutations

Your experience applies equally to all skills.
You have very sharp teeth.
Your uncanny sense of smell can sniff out nearby items.


Message History

You hear some strange, mumbled words.
A magic dart appears from out of thin air!
The magic dart hits you.
There is a stone staircase leading up here.
You barely miss something. Your bite misses something.
You hear some strange, mumbled words.
A puff of flame appears from out of thin air!
The puff of flame hits you!
You hit something but do no damage. Something hits you but does no damage.
You closely miss something. Something hits you.
You miss something. Something hits you.
* * * LOW HITPOINT WARNING * * *
You miss something. Something hits you.
* * * LOW HITPOINT WARNING * * *
Your magical contamination has completely faded away.
Casting: Magic Dart (safe; 3% risk of failure)
Confirm with . or Enter, or press ? or * to list all spells.
A beastly little devil appears in a puff of flame.
Something hits you.
You die...

##....(..## #
##.....#####
##.((..†...
#..#######
#(........
##......{.
##########(.......
#.{....<....######
#@########.## #
#.# #.# # #5# #.#
# #^# #.# #.# #.#
#.# #.# #.# ∆ ..#
#..∆


You could see a friendly crimson imp.

Vanquished Creatures
  2 adders (D:2)
  3 gnolls (D:2)
  2 oozes
  2 worms
  A dart slug (D:1)
  A ball python (D:2)
  2 bats
  3 giant cockroaches
  8 goblins (D:2)
  13 hobgoblins
  8 jackals
  6 kobolds
  6 frilled lizards
  4 rats
61 creatures vanquished.

Notes
Turn   | Place    | Note
-------+----------+-------------------------------------------
     0 | D:1      | Mrkan the Gnoll Wizard began the quest for the Orb.
     0 | D:1      | Reached XP level 1. HP: 13/13 MP: 8/8
   159 | D:1      | Reached XP level 2. HP: 15/19 MP: 1/10
   946 | D:2      | Reached XP level 3. HP: 24/25 MP: 7/11
  1030 | D:2      | Reached skill level 1 in Invocations
  1068 | D:2      | Reached skill level 1 in Fighting
  1068 | D:2      | Reached skill level 1 in Short Blades
  1068 | D:2      | Reached skill level 1 in Long Blades
  1068 | D:2      | Reached skill level 1 in Axes
  1068 | D:2      | Reached skill level 1 in Maces & Flails
  1068 | D:2      | Reached skill level 1 in Polearms
  1068 | D:2      | Reached skill level 1 in Staves
  1068 | D:2      | Reached skill level 1 in Slings
  1068 | D:2      | Reached skill level 1 in Bows
  1068 | D:2      | Reached skill level 1 in Crossbows
  1068 | D:2      | Reached skill level 1 in Throwing
  1068 | D:2      | Reached skill level 1 in Armour
  1068 | D:2      | Reached skill level 1 in Shields
  1068 | D:2      | Reached skill level 1 in Unarmed Combat
  1068 | D:2      | Reached skill level 1 in Evocations
  1068 | D:2      | Reached XP level 4. HP: 17/32 MP: 0/13
  1826 | D:2      | Reached skill level 1 in Hexes
  1826 | D:2      | Reached skill level 1 in Charms
  1826 | D:2      | Reached skill level 1 in Necromancy
  1826 | D:2      | Reached skill level 1 in Transmutations
  1826 | D:2      | Reached skill level 1 in Fire Magic
  1826 | D:2      | Reached skill level 1 in Ice Magic
  1826 | D:2      | Reached skill level 1 in Air Magic
  1826 | D:2      | Reached skill level 1 in Earth Magic
  1826 | D:2      | Reached skill level 1 in Poison Magic
  2000 | D:2      | Reached XP level 5. HP: 30/37 MP: 3/14
  2298 | D:2      | Learned a level 2 spell: Call Imp
  2302 | D:2      | Learned a level 3 spell: Conjure Flame
  2331 | D:3      | Slain by an orc wizard

Skill      XL: |  1  2  3  4 |
---------------+-------------+-----
Conjurations   | 2 |  2.3
Summonings     | 2 |  2.3
Translocations | 2 |  2.3
Invocations    | 1 |  1.5
Fighting       | 1 |  1.3
Short Blades   | 1 |  1.3
Long Blades    | 1 |  1.3
Axes           | 1 |  1.3
Maces & Flails | 1 |  1.3
Polearms       | 1 |  1.3
Staves         | 1 |  1.3
Slings         | 1 |  1.3
Bows           | 1 |  1.3
Crossbows      | 1 |  1.3
Throwing       | 1 |  1.3
Armour         | 1 |  1.3
Shields        | 1 |  1.3
Unarmed Combat | 1 |  1.3
Evocations     | 1 |  1.3
Hexes          | 1 |  1.1
Charms         | 1 |  1.1
Necromancy     | 1 |  1.1
Transmutations | 1 |  1.1
Fire Magic     | 1 |  1.1
Ice Magic      | 1 |  1.1
Air Magic      | 1 |  1.1
Earth Magic    | 1 |  1.1
Poison Magic   | 1 |  1.1
Dodging        | |  4.7
Stealth        | |  4.3
Spellcasting   | |  7.2

Action                   |  1- 3 |  4- 6 || total
-------------------------+-------+-------++-------
Melee: Unarmed           |       |    20 ||    20
       Bite              |       |     2 ||     2
 Cast: Magic Dart        |    60 |    86 ||   146
       Conjure Flame     |       |     2 ||     2
       Call Imp          |       |     1 ||     1
  Eat: Chunk             |       |     4 ||     4
Armor: Robe              |     3 |     3 ||     6
Dodge: Dodged            |     9 |    35 ||    44
